| TOP OF THE 1ST |
|
Winnipeg Goldeyes batting - Pitching for Detroit Red Wings : RHP Chris Wilkerson
|
|
Pitching: RHP Chris Wilkerson
|
|
|
Batting: RHB John Dew
|
0-0: Called Strike 0-1: Ball 1-1: Foul Ball, location: 2F 1-2: Ball 2-2: Ball 3-2: Foul Ball, location: 2F 3-2: Base on Balls
|
|
Batting: RHB David McClellan
|
0-0: Ball 1-0: Ball 2-0: DOUBLE (Line Drive, 78D, EV 105.6 MPH) John Dew to third
|
|
Batting: SHB Ian Thompson
|
0-0: Ball 1-0: Ball 2-0: Ball 3-0: Called Strike 3-1: Foul Ball, location: 2F 3-2: Base on Balls
|
|
Batting: RHB Willie Jimenez
|
0-0: Ball 1-0: Grounds into double play, 6-4-3 (Groundball, 6, EV 103.1 MPH) John Dew scores David McClellan to third
|
|
Batting: LHB Kuemon Shishido
|
0-0: Ball 1-0: Foul Ball, location: 2F 1-1: SINGLE (Flyball, 7S, EV 87.5 MPH) David McClellan scores
|
|
Batting: LHB Brian Wagner
|
0-0: Fly out, F4 (Popup, 4MD, EV 71.9 MPH)
|
| Top of the 1st over - 2 runs, 2 hits, 0 errors, 1 left on base; Winnipeg 2 - Detroit 0 |
| BOTTOM OF THE 1ST |
|
Detroit Red Wings batting - Pitching for Winnipeg Goldeyes : RHP Tim Weller
|
|
Pitching: RHP Tim Weller
|
|
|
Batting: RHB Jose Evangelista
|
0-0: Foul Ball, location: 2F 0-1: Ball 1-1: Ball 2-1: Called Strike 2-2: Ball 3-2: SINGLE (Groundball, 4M, EV 85.0 MPH) (infield hit)
|
|
Batting: LHB Jon Frederick
|
0-0: Swinging Strike 0-1: Called Strike 0-2: Foul Ball, location: 2F 0-2: Foul Ball, location: 2F 0-2: Ball 1-2: 2-RUN HOME RUN (Flyball, 9D, EV 109.4 MPH), Distance : 426 ft
|
|
Batting: SHB Ross Holland
|
0-0: Ball 1-0: Foul Ball, location: 2F 1-1: Fly out, F7 (Flyball, 7D, EV 88.8 MPH)
|
|
Batting: RHB Tony Murray
|
0-0: Ball 1-0: Ground out 6-3 (Groundball, 6, EV 105.0 MPH)
|
|
Batting: RHB Tony Soto
|
0-0: Ball 1-0: Ball 2-0: Ball 3-0: Called Strike 3-1: Base on Balls
|
|
Batting: LHB Brad Gaskill
|
0-0: Fly out, F8 (Flyball, 8LS, EV 88.8 MPH)
|
| Bottom of the 1st over - 2 runs, 2 hits, 0 errors, 1 left on base; Winnipeg 2 - Detroit 2 |
| TOP OF THE 2ND |
|
Winnipeg Goldeyes batting - Pitching for Detroit Red Wings : RHP Chris Wilkerson
|
|
Batting: RHB Jeremy Witt
|
0-0: Ball 1-0: Ball 2-0: Ball 3-0: Called Strike 3-1: Base on Balls
|
|
Batting: RHB Antonio Santos
|
0-0: Ball 1-0: Ball 2-0: Ball 3-0: Called Strike 3-1: Called Strike 3-2: SINGLE (Groundball, 6D, EV 97.5 MPH) Jeremy Witt to second Jeremy Witt to third
|
|
Batting: RHB Ton van Dijk
|
0-0: Fly out, F8 (Flyball, 8RM, EV 88.8 MPH) Runner from 3rd tags up, SCORES, throw by CF
|
|
Batting: RHB John Dew
|
0-0: Called Strike 0-1: Swinging Strike 0-2: Ball 1-2: Ball 2-2: Ball 3-2: Base on Balls Antonio Santos to second
|
|
Batting: RHB David McClellan
|
0-0: Foul Ball, location: 2F 0-1: SINGLE (Groundball, 6MD, EV 97.5 MPH) Antonio Santos to third John Dew to second Runner from 3rd tries for Home, SAFE, throw by CF to home
|
|
Batting: SHB Ian Thompson
|
0-0: Ball 1-0: Ball 2-0: Foul Ball, location: 2F 2-1: Swinging Strike 2-2: Foul Ball, location: 2F 2-2: Foul Ball, location: 2F 2-2: Ball 3-2: Grounds into double play, 4-6-3 (Groundball, 4, EV 105.0 MPH)
|
| Top of the 2nd over - 2 runs, 2 hits, 0 errors, 1 left on base; Winnipeg 4 - Detroit 2 |
| BOTTOM OF THE 2ND |
|
Detroit Red Wings batting - Pitching for Winnipeg Goldeyes : RHP Tim Weller
|
|
Pitching: LHP Kevin Drew
|
|
|
Batting: RHB Tony Nunez
|
0-0: Ball 1-0: Ball 2-0: Ball 3-0: Called Strike 3-1: Base on Balls
|
|
Batting: RHB Brandon Everett
|
0-0: Ball 1-0: Ground out 4-3 (Groundball, 34D, EV 107.5 MPH) Tony Nunez to second
|
|
Batting: RHB Jeremiah Washington
|
0-0: Foul Ball, location: 2F 0-1: Ball 1-1: Ball 2-1: Swinging Strike 2-2: Foul Ball, location: 2F 2-2: Foul Ball, location: 2F 2-2: Foul Ball, location: 2F 2-2: Foul Ball, location: 2F 2-2: Ball 3-2: Base on Balls
|
|
Batting: RHB Jose Evangelista
|
0-0: Ball 1-0: Ball 2-0: Ball 3-0: Swinging Strike 3-1: Foul Ball, location: 2F 3-2: Foul Ball, location: 2F 3-2: Base on Balls Tony Nunez to third Jeremiah Washington to second
|
|
Pitching: RHP Chad Brock
|
|
|
Batting: LHB Jon Frederick
|
0-0: Ball 1-0: Ball 2-0: Foul Ball, location: 2F 2-1: Ball 3-1: Called Strike 3-2: Strikes out swinging
|
|
Batting: SHB Ross Holland
|
0-0: Ball 1-0: Ball 2-0: Foul Ball, location: 2F 2-1: Called Strike 2-2: Ball 3-2: TRIPLE (Flyball, 78XD, EV 95.0 MPH) Tony Nunez scores Jeremiah Washington scores Jose Evangelista scores
|
|
Batting: RHB Tony Murray
|
0-0: Ball Wild Pitch! Ross Holland scores 1-0: Foul Ball, location: 2F 1-1: Swinging Strike 1-2: Ball 2-2: Foul Ball, location: 2F 2-2: Foul Ball, location: 2F 2-2: Fly out, F9 (Flyball, 9LS, EV 100.0 MPH)
|
| Bottom of the 2nd over - 4 runs, 1 hit, 0 errors, 0 left on base; Winnipeg 4 - Detroit 6 |
| TOP OF THE 3RD |
|
Winnipeg Goldeyes batting - Pitching for Detroit Red Wings : RHP Chris Wilkerson
|
|
Batting: RHB Willie Jimenez
|
0-0: Ball 1-0: Ball 2-0: Called Strike 2-1: Foul Ball, location: 2F 2-2: SOLO HOME RUN (Flyball, 78XD, EV 101.9 MPH), Distance : 436 ft
|
|
Batting: LHB Kuemon Shishido
|
0-0: Ball 1-0: Called Strike 1-1: Fly out, F9 (Line Drive, 9, EV 95.6 MPH)
|
|
Batting: LHB Brian Wagner
|
0-0: Called Strike 0-1: Ball 1-1: Swinging Strike 1-2: SINGLE (Line Drive, 4D, EV 98.8 MPH)
|
|
Pitching: LHP Jean-Luc Legros
|
|
|
Batting: RHB Jeremy Witt
|
0-0: Ball 1-0: Called Strike 1-1: Ball 2-1: Ball 3-1: Fielders Choice at 2nd, 4-6 (Groundball, 4, EV 83.1 MPH)
|
|
Batting: RHB Antonio Santos
|
0-0: Ball 1-0: Swinging Strike 1-1: Ball 2-1: 2-RUN HOME RUN (Flyball, 7LD, EV 95.6 MPH), Distance : 357 ft
|
|
Batting: RHB Ton van Dijk
|
0-0: DOUBLE (Line Drive, 78D, EV 99.4 MPH)
|
|
Batting: RHB John Dew
|
0-0: Ball Ton van Dijk steals 3rd base 1-0: Called Strike 1-1: Called Strike 1-2: Foul Ball, location: 2F 1-2: Ball 2-2: Ball 3-2: Fly out, F8 (Flyball, 8LD, EV 98.8 MPH)
|
| Top of the 3rd over - 3 runs, 4 hits, 0 errors, 1 left on base; Winnipeg 7 - Detroit 6 |
| BOTTOM OF THE 3RD |
|
Detroit Red Wings batting - Pitching for Winnipeg Goldeyes : RHP Chad Brock
|
|
Pitching: LHP David Gordon
|
|
|
Batting: RHB Tony Soto
|
0-0: Called Strike 0-1: Ball 1-1: Foul Ball, location: 2F 1-2: Fly out, F8 (Flyball, 8LM, EV 86.9 MPH)
|
|
Batting: LHB Brad Gaskill
|
0-0: Swinging Strike 0-1: Ball 1-1: Swinging Strike 1-2: Ball 2-2: Strikes out swinging
|
|
Batting: RHB Tony Nunez
|
0-0: Foul Ball, location: 2F 0-1: Foul Ball, location: 2F 0-2: Foul Ball, location: 2F 0-2: Foul Ball, location: 2F 0-2: Ball 1-2: Ball 2-2: Foul Ball, location: 2F 2-2: Foul Ball, location: 2F 2-2: Foul Ball, location: 2F 2-2: Strikes out swinging
|
| Bottom of the 3rd over - 0 runs, 0 hits, 0 errors, 0 left on base; Winnipeg 7 - Detroit 6 |
| TOP OF THE 4TH |
|
Winnipeg Goldeyes batting - Pitching for Detroit Red Wings : LHP Jean-Luc Legros
|
|
Batting: RHB David McClellan
|
0-0: Ball 1-0: Fly out, F8 (Flyball, 78M, EV 94.4 MPH)
|
|
Batting: SHB Ian Thompson
|
0-0: Ball 1-0: Swinging Strike 1-1: DOUBLE (Line Drive, 78XD, EV 98.8 MPH)
|
|
Batting: RHB Willie Jimenez
|
0-0: SINGLE (Groundball, 6, EV 95.6 MPH) Ian Thompson to third
|
|
Batting: LHB Kuemon Shishido
|
0-0: Ball Willie Jimenez is caught stealing 2nd base 2-6 1-0: Fly out, F9 (Line Drive, 9, EV 93.1 MPH)
|
| Top of the 4th over - 0 runs, 2 hits, 0 errors, 1 left on base; Winnipeg 7 - Detroit 6 |
| BOTTOM OF THE 4TH |
|
Detroit Red Wings batting - Pitching for Winnipeg Goldeyes : LHP David Gordon
|
|
Pitching: RHP Tom Winsor
|
|
|
Batting: RHB Brandon Everett
|
0-0: Called Strike 0-1: Swinging Strike 0-2: Reached on error, E9 (Flyball, 9D, EV 102.5 MPH)
|
|
Batting: RHB Jeremiah Washington
|
0-0: Called Strike 0-1: 2-RUN HOME RUN (Flyball, 9D, EV 98.8 MPH), Distance : 389 ft
|
|
Batting: RHB Jose Evangelista
|
0-0: Ball 1-0: Called Strike 1-1: Ball 2-1: Ball 3-1: SOLO HOME RUN (Flyball, 7LD, EV 96.3 MPH), Distance : 364 ft
|
|
Batting: LHB Jon Frederick
|
0-0: Called Strike 0-1: Foul Ball, location: 2F 0-2: Ball 1-2: SINGLE (Line Drive, 7S, EV 101.3 MPH)
|
|
Batting: SHB Ross Holland
|
0-0: Ball 1-0: Swinging Strike 1-1: Swinging Strike 1-2: Foul Ball, location: 2F 1-2: Ball 2-2: Ball 3-2: 2-RUN HOME RUN (Flyball, 9D, EV 106.3 MPH), Distance : 423 ft
|
|
Pitching: RHP Larry Muttart
|
|
|
Batting: RHB Tony Murray
|
0-0: Swinging Strike 0-1: Ball 1-1: Ball 2-1: Ball 3-1: Base on Balls
|
|
Batting: RHB Tony Soto
|
0-0: Called Strike 0-1: Ball 1-1: Ball 2-1: Ball 3-1: SINGLE (Groundball, 4MD, EV 112.5 MPH) Tony Murray to second
|
|
Batting: LHB Brad Gaskill
|
0-0: Called Strike 0-1: Ball 1-1: Ball 2-1: DOUBLE (Line Drive, 7LD, EV 103.8 MPH) Tony Murray scores Tony Soto to third
|
|
Batting: RHB Tony Nunez
|
0-0: Ball 1-0: Ball 2-0: Called Strike 2-1: Called Strike 2-2: Foul Ball, location: 2F 2-2: Ball 3-2: Base on Balls
|
|
Pitching: RHP Scot Abbott
|
|
|
Batting: RHB Brandon Everett
|
0-0: Called Strike 0-1: Swinging Strike 0-2: Foul Ball, location: 2F 0-2: Ball 1-2: Ball 2-2: Ball 3-2: Strikes out looking
|
|
Batting: RHB Jeremiah Washington
|
0-0: Foul Ball, location: 2F 0-1: Ball 1-1: Ball 2-1: Ball 3-1: Called Strike 3-2: Foul Ball, location: 2F 3-2: Foul Ball, location: 2F 3-2: Base on Balls Tony Soto scores Brad Gaskill to third Tony Nunez to second
|
|
Batting: RHB Jose Evangelista
|
0-0: Ball 1-0: Called Strike 1-1: Called Strike 1-2: Foul Ball, location: 2F 1-2: GRAND SLAM HOME RUN (Flyball, 78XD, EV 113.1 MPH), Distance : 450 ft
|
|
Pitching: RHP Aaron Elliott
|
|
|
Batting: LHB Jon Frederick
|
0-0: Ball 1-0: Called Strike 1-1: Ball 2-1: Foul Ball, location: 2F 2-2: Ball 3-2: SOLO HOME RUN (Flyball, 9LD, EV 90.0 MPH), Distance : 341 ft
|
|
Batting: SHB Ross Holland
|
0-0: Foul Ball, location: 2F 0-1: Swinging Strike 0-2: Strikes out looking
|
|
Batting: RHB Tony Murray
|
0-0: Ball 1-0: Ball 2-0: Ball 3-0: Called Strike 3-1: Base on Balls
|
|
Batting: RHB Tony Soto
|
0-0: Ball 1-0: Ball 2-0: Ball 3-0: Called Strike 3-1: Base on Balls Tony Murray to second
|
|
Batting: LHB Brad Gaskill
|
0-0: Called Strike 0-1: Swinging Strike 0-2: Ball 1-2: Ball 2-2: Ball 3-2: Base on Balls Tony Murray to third Tony Soto to second
|
|
Batting: RHB Tony Nunez
|
0-0: Ball 1-0: Ball 2-0: Called Strike 2-1: Swinging Strike 2-2: Foul Ball, location: 2F 2-2: Strikes out swinging
|
| Bottom of the 4th over - 12 runs, 8 hits, 1 error, 3 left on base; Winnipeg 7 - Detroit 18 |
| TOP OF THE 5TH |
|
Winnipeg Goldeyes batting - Pitching for Detroit Red Wings : LHP Jean-Luc Legros
|
|
Batting: LHB Brian Wagner
|
0-0: Swinging Strike 0-1: Ball 1-1: Ball 2-1: Swinging Strike 2-2: Ball 3-2: Base on Balls
|
|
Batting: RHB Jeremy Witt
|
0-0: Foul Ball, location: 2F 0-1: Called Strike Brian Wagner is caught stealing 2nd base 2-4 0-2: Fly out, F3 (Popup, 34, EV 78.8 MPH)
|
|
Batting: RHB Antonio Santos
|
0-0: Ball 1-0: Foul Ball, location: 2F 1-1: Ball 2-1: Foul Ball, location: 2F 2-2: Ball 3-2: Fly out, F7 (Flyball, 7S, EV 90.6 MPH)
|
| Top of the 5th over - 0 runs, 0 hits, 0 errors, 0 left on base; Winnipeg 7 - Detroit 18 |
| BOTTOM OF THE 5TH |
|
Detroit Red Wings batting - Pitching for Winnipeg Goldeyes : RHP Aaron Elliott
|
|
Batting: RHB Brandon Everett
|
0-0: Ball 1-0: Called Strike 1-1: Called Strike 1-2: Strikes out swinging
|
|
Batting: RHB Jeremiah Washington
|
0-0: Ball 1-0: Fly out, F7 (Flyball, 7D, EV 103.1 MPH)
|
|
Batting: RHB Jose Evangelista
|
0-0: Foul Ball, location: 2F 0-1: Ball 1-1: Foul Ball, location: 2F 1-2: Strikes out swinging
|
| Bottom of the 5th over - 0 runs, 0 hits, 0 errors, 0 left on base; Winnipeg 7 - Detroit 18 |
| TOP OF THE 6TH |
|
Winnipeg Goldeyes batting - Pitching for Detroit Red Wings : LHP Jean-Luc Legros
|
|
Batting: RHB Ton van Dijk
|
0-0: Ball 1-0: Foul Ball, location: 2F 1-1: Ground out 5-3 (Groundball, 5L, EV 103.1 MPH)
|
|
Batting: RHB John Dew
|
0-0: Ball 1-0: Ball 2-0: Fly out, F7 (Flyball, 78XD, EV 108.8 MPH)
|
|
Pitching: RHP Glen Boyle
|
|
|
Batting: RHB David McClellan
|
0-0: Ball 1-0: Foul Ball, location: 2F 1-1: Fly out, F9 (Flyball, 89S, EV 90.6 MPH)
|
| Top of the 6th over - 0 runs, 0 hits, 0 errors, 0 left on base; Winnipeg 7 - Detroit 18 |
| BOTTOM OF THE 6TH |
|
Detroit Red Wings batting - Pitching for Winnipeg Goldeyes : RHP Aaron Elliott
|
|
Batting: LHB Jon Frederick
|
0-0: Called Strike 0-1: Foul Ball, location: 2F 0-2: Ball 1-2: Ball 2-2: Foul Ball, location: 2F 2-2: Ball 3-2: Foul Ball, location: 2F 3-2: Foul Ball, location: 2F 3-2: Base on Balls
|
|
Pitching: RHP Wil Patterson
|
|
|
Batting: SHB Ross Holland
|
0-0: Swinging Strike 0-1: Foul Ball, location: 2F 0-2: Ball 1-2: Ball 2-2: Foul Ball, location: 2F 2-2: Fly out, F7 (Flyball, 7LS, EV 83.1 MPH)
|
|
Batting: RHB Tony Murray
|
0-0: Called Strike 0-1: Foul Ball, location: 2F 0-2: Foul Ball, location: 2F Balk! Jon Frederick to second 0-2: Ball 1-2: Fly out, F7 (Flyball, 7LD, EV 104.4 MPH)
|
|
Batting: RHB Tony Soto
|
0-0: Ball 1-0: Called Strike 1-1: Ball 2-1: Foul Ball, location: 2F 2-2: Ball 3-2: Base on Balls
|
|
Batting: LHB Brad Gaskill
|
0-0: Ball 1-0: Ball 2-0: Ball 3-0: Base on Balls Jon Frederick to third Tony Soto to second
|
|
Batting: RHB Tony Nunez
|
0-0: Called Strike 0-1: Ball 1-1: SINGLE (Line Drive, 8LS, EV 105.6 MPH) Jon Frederick scores Tony Soto to third Brad Gaskill to second Runner from 3rd tries for Home, SAFE, throw by CF to home
|
|
Batting: RHB Brandon Everett
|
0-0: Foul Ball, location: 2F 0-1: Ball 1-1: SINGLE (Line Drive, 8RS, EV 101.9 MPH) Brad Gaskill to third Tony Nunez to second
|
|
Batting: RHB Jeremiah Washington
|
0-0: Ball Wild Pitch! Brad Gaskill scores Tony Nunez to third Brandon Everett to second 1-0: Swinging Strike 1-1: Called Strike 1-2: Strikes out swinging
|
| Bottom of the 6th over - 3 runs, 2 hits, 0 errors, 2 left on base; Winnipeg 7 - Detroit 21 |
| TOP OF THE 7TH |
|
Winnipeg Goldeyes batting - Pitching for Detroit Red Wings : RHP Glen Boyle
|
|
Pinch Hitting: RHB Caleb Bockmann
|
0-0: Ball 1-0: Called Strike 1-1: Fly out, F8 (Flyball, 8LD, EV 94.4 MPH)
|
|
Pinch Hitting: RHB Tim Carter
|
0-0: Swinging Strike 0-1: SINGLE (Flyball, 8LS, EV 91.9 MPH)
|
|
Batting: LHB Kuemon Shishido
|
0-0: DOUBLE (Flyball, 8LXD, EV 101.3 MPH) Tim Carter to third
|
|
Batting: LHB Brian Wagner
|
0-0: Ball 1-0: Swinging Strike Balk! Tim Carter scores Kuemon Shishido to third 1-1: Ball 2-1: Ball 3-1: Called Strike 3-2: Strikes out swinging, 2-3 out at first.
|
|
Batting: RHB Jeremy Witt
|
0-0: Foul Ball, location: 2F 0-1: Reached on error, E4 (Groundball, 4S, EV 75.0 MPH) Kuemon Shishido scores
|
|
Batting: RHB Antonio Santos
|
0-0: Ball 1-0: Called Strike 1-1: Called Strike Jeremy Witt steals 2nd base (no throw) 1-2: Ball 2-2: Ball 3-2: Fly out, F7 (Flyball, 78XD, EV 82.5 MPH)
|
| Top of the 7th over - 2 runs, 2 hits, 1 error, 1 left on base; Winnipeg 9 - Detroit 21 |
| BOTTOM OF THE 7TH |
|
Detroit Red Wings batting - Pitching for Winnipeg Goldeyes : RHP Wil Patterson
|
|
Now in LF: Dave Berry
|
|
|
Now in RF: Caleb Bockmann
|
|
|
Batting: RHB Jose Evangelista
|
0-0: Called Strike 0-1: Foul Ball, location: 2F 0-2: Ball 1-2: Ball 2-2: Foul Ball, location: 2F 2-2: Ball 3-2: SINGLE (Flyball, 56D, EV 95.0 MPH)
|
|
Batting: LHB Jon Frederick
|
0-0: Called Strike 0-1: Ball 1-1: Ball 2-1: DOUBLE (Flyball, 8LXD, EV 102.5 MPH) Jose Evangelista to third Runner from 3rd tries for Home, SAFE, throw by CF to home
|
|
Batting: SHB Ross Holland
|
0-0: Fly out, F8 (Flyball, 8LD, EV 98.1 MPH)
|
|
Batting: RHB Tony Murray
|
0-0: Ball 1-0: DOUBLE (Flyball, 8LXD, EV 106.9 MPH) Jon Frederick scores
|
|
Batting: RHB Tony Soto
|
0-0: Called Strike 0-1: SINGLE (Flyball, 6D, EV 83.1 MPH) Tony Murray to third
|
|
Pitching: RHP Ricky Pizarro
|
|
|
Batting: LHB Brad Gaskill
|
0-0: Ball 1-0: Called Strike 1-1: Ball 2-1: Fly out, F7 (Flyball, 7LS, EV 86.3 MPH)
|
|
Batting: RHB Tony Nunez
|
0-0: Ball 1-0: Called Strike 1-1: Ball 2-1: Foul Ball, location: 2F 2-2: SINGLE (Groundball, 6D, EV 104.4 MPH) Tony Murray scores Tony Soto to second
|
|
Batting: RHB Brandon Everett
|
0-0: Fielders Choice at 2nd, 5-4 (Groundball, 56, EV 86.9 MPH)
|
| Bottom of the 7th over - 3 runs, 5 hits, 0 errors, 2 left on base; Winnipeg 9 - Detroit 24 |
| TOP OF THE 8TH |
|
Winnipeg Goldeyes batting - Pitching for Detroit Red Wings : RHP Glen Boyle
|
|
Pinch Hitting: RHB Steve Terrell
|
0-0: Fly out, F8 (Flyball, 8LD, EV 98.8 MPH)
|
|
Batting: RHB John Dew
|
0-0: SINGLE (Groundball, 13, EV 91.9 MPH) (infield hit)
|
|
Batting: RHB David McClellan
|
0-0: Swinging Strike 0-1: Called Strike 0-2: TRIPLE (Line Drive, 89XD, EV 103.8 MPH) John Dew scores
|
|
Pinch Hitting: LHB Marvin Shepherd
|
0-0: Ball 1-0: Foul Ball, location: 2F 1-1: Foul Ball, location: 2F 1-2: Ball 2-2: Ball 3-2: DOUBLE (Flyball, 8RXD, EV 105.0 MPH) David McClellan scores
|
|
Batting: RHB Dave Berry
|
0-0: Ball 1-0: Fly out, F3 (Popup, 3L, EV 73.8 MPH)
|
|
Batting: LHB Kuemon Shishido
|
0-0: Foul Ball, location: 2F 0-1: Fly out, F6 (Popup, 6, EV 76.9 MPH)
|
| Top of the 8th over - 2 runs, 3 hits, 0 errors, 1 left on base; Winnipeg 11 - Detroit 24 |
| BOTTOM OF THE 8TH |
|
Detroit Red Wings batting - Pitching for Winnipeg Goldeyes : RHP Ricky Pizarro
|
|
Now in CF: Steve Terrell
|
|
|
Now in RF: Marvin Shepherd
|
|
|
Batting: RHB Jeremiah Washington
|
0-0: Fly out, F6 (Popup, 4M, EV 71.3 MPH)
|
|
Batting: RHB Jose Evangelista
|
0-0: Ball 1-0: Foul Ball, location: 2F 1-1: Ball 2-1: Foul Ball, location: 2F 2-2: Ball 3-2: Ground out 5-3 (Groundball, 5L, EV 98.1 MPH)
|
|
Batting: LHB Jon Frederick
|
0-0: Swinging Strike 0-1: Ball 1-1: Foul Ball, location: 2F 1-2: Ball 2-2: Foul Ball, location: 2F 2-2: Foul Ball, location: 2F 2-2: Foul Ball, location: 2F 2-2: SINGLE (Flyball, 89S, EV 95.0 MPH)
|
|
Batting: SHB Ross Holland
|
0-0: Called Strike 0-1: Ball 1-1: Foul Ball, location: 2F 1-2: Foul Ball, location: 2F 1-2: Ball 2-2: Foul Ball, location: 2F 2-2: 2-RUN HOME RUN (Flyball, 78XD, EV 104.4 MPH), Distance : 427 ft
|
|
Batting: RHB Tony Murray
|
0-0: Fly out, F7 (Flyball, 78S, EV 86.9 MPH)
|
| Bottom of the 8th over - 2 runs, 2 hits, 0 errors, 0 left on base; Winnipeg 11 - Detroit 26 |
| TOP OF THE 9TH |
|
Winnipeg Goldeyes batting - Pitching for Detroit Red Wings : RHP Glen Boyle
|
|
Pinch Hitting: RHB Nate Matson
|
0-0: Ball 1-0: Fly out, F8 (Flyball, 8RD, EV 103.8 MPH)
|
|
Batting: RHB Jeremy Witt
|
0-0: Foul Ball, location: 2F 0-1: SINGLE (Line Drive, 89S, EV 104.4 MPH)
|
|
Batting: RHB Antonio Santos
|
0-0: SINGLE (Groundball, 56D, EV 105.6 MPH) Jeremy Witt to second
|
|
Batting: RHB Steve Terrell
|
0-0: Called Strike 0-1: Ball 1-1: Foul Ball, location: 2F 1-2: Ball 2-2: Foul Ball, location: 2F 2-2: Ball 3-2: SINGLE (Groundball, 34D, EV 104.4 MPH) Jeremy Witt to third Antonio Santos to second
|
|
Pitching: RHP Jamie Christian
|
|
|
Batting: RHB John Dew
|
0-0: Called Strike 0-1: Foul Ball, location: 2F 0-2: Ball 1-2: Foul Ball, location: 2F 1-2: Fly out, F8 (Flyball, 8LS, EV 96.3 MPH)
|
|
Batting: RHB David McClellan
|
0-0: Fly out, F9 (Flyball, 9, EV 83.1 MPH)
|
| Top of the 9th over - 0 runs, 3 hits, 0 errors, 3 left on base; Winnipeg 11 - Detroit 26 |
|